 Dungeon Crawl Stone Soup version 0.21-a0-1-gaf3b9a5 (webtiles) character file.

533 turnburgler the Poker (level 7, -9/60 HPs)
             Began as a Minotaur Skald on May 20, 2017.
             Mangled by an ice beast (12 damage)
             ... on level 5 of the Dungeon.
             The game lasted 00:19:24 (3175 turns).

turnburgler the Poker (Minotaur Skald)              Turns: 3175, Time: 00:19:25

Health: -9/60      AC:  4    Str: 15    XL:     7   Next: 4%
Magic:  9/9        EV: 12    Int: 10    God:
Gold:   195        SH:  0    Dex: 12    Spells: 9/10 levels left

rFire    . . .     SeeInvis .   w - +3 glaive (freeze)
rCold    . . .     Gourm    .   (shield currently unavailable)
rNeg     . . .     Faith    .   b - +0 leather armour
rPois    .         Spirit   .   (helmet restricted)
rElec    .         Reflect  .   M - +0 cloak
rCorr    .         Harm     .   (no gloves)
MR       .....                  (no boots)
Stlth    +.........             u - amulet of rage
Regen    0.2/turn               (no ring)
MPRegen  0.2/turn               (no ring)

@: no status effects
A: retaliatory headbutt, horns 2
a: Evoke Berserk Rage


You were on level 5 of the Dungeon.
You were not hungry.

You visited 1 branch of the dungeon, and saw 5 of its levels.

You collected 195 gold pieces.

Inventory:

Hand Weapons
 a - a +0 spear
 i - a +0 spear
 r - a +2 vampiric spear
 w - a +3 glaive of freezing (weapon)
 C - a +2 spear of venom
 L - a +0 flail of protection
Missiles
 m - 70 arrows
 J - 19 poisoned needles
 Q - 42 bolts
Armour
 b - a +0 leather armour (worn)
 e - a +0 buckler
 g - a +0 robe
 p - a +0 buckler
 x - a +0 scale mail
 B - a +0 chain mail
 G - a +0 scale mail
 M - a +0 cloak (worn)
Magical Staves
 y - an uncursed staff of earth {unknown}
Jewellery
 u - an amulet of rage (around neck)
Wands
 z - a wand of scattershot (7/9)
 P - a wand of random effects (30/48)
Scrolls
 f - a scroll of teleportation
 j - 4 scrolls of remove curse
 n - 2 scrolls of fog {unknown}
 v - a scroll of blinking {unknown}
 A - a scroll of fear {unknown}
 E - 4 scrolls of identify
 F - 4 scrolls of noise {unknown}
 H - a scroll of amnesia {unknown}
 K - a scroll of magic mapping {unknown}
Potions
 h - a potion of agility {unknown}
 k - a potion of brilliance {unknown}
 l - 2 potions of might {unknown}
 o - a potion of magic {unknown}
 s - a potion of lignification {unknown}
 t - a potion of cancellation {unknown}
 D - 4 potions of curing {unknown}
 O - a potion of haste {unknown}
 R - a potion of resistance {unknown}
Books
 c - a book of Battle

   Spells                             Type                      Level
   a - Infusion                       Charms                       1
   b - Shroud of Golubria             Charms/Translocation         2
   c - Song of Slaying                Charms                       2
   d - Spectral Weapon                Hexes/Charms                 3
   e - Regeneration                   Charms/Necromancy            3
Comestibles
 d - 3 bread rations
 q - 3 meat rations
 I - 3 royal jellies
 N - 2 chunks of flesh


   Skills:
 * Level 4.4 Fighting
 * Level 5.6 Polearms
 + Level 3.4 Armour
 - Level 2.1 Dodging
 - Level 1.4 Shields
 + Level 2.3 Spellcasting
 + Level 2.7 Charms


You had 9 spell levels left.
You knew the following spells:

 Your Spells              Type           Power        Failure   Level  Hunger
a - Infusion              Chrm           #...         12%         1    ##.....


Dungeon Overview and Level Annotations

Branches:
Dungeon (5/15)
 Temple: D:4-7

Altars:
Nemelex Xobeh
Sif Muna
Uskayaw
Vehumet
Wu Jian
Xom
The Shining One

Annotations:
D:5 Blork the orc


Innate Abilities, Weirdness & Mutations

You reflexively headbutt those who attack you in melee.
You have a pair of horns on your head.


Message History

Aim: an ice beast (almost dead)
You hit the ice beast but do no damage.
The ice beast is almost dead.
Blork the orc closely misses you. The ice beast hits you.
The ice beast freezes you!
* * * LOW HITPOINT WARNING * * *
Blork the orc hits you with a scimitar of holy wrath.
* * * LOW HITPOINT WARNING * * *
Attack whom?
Press: ? - help, Dir - move target cursor, f/p - ice beast
Aim: an ice beast (almost dead)
You hit the ice beast but do no damage.
The ice beast is almost dead.
The ice beast misses you. You furiously retaliate!
You headbutt the ice beast.
Blork the orc hits you with a scimitar of holy wrath.
* * * LOW HITPOINT WARNING * * *
The ice beast hits you.
* * * LOW HITPOINT WARNING * * *
The ice beast freezes you!
You die...

#########...
#.............
#...$.........
#(...........
#..........#
#..........#
#.?.....Yo.#
#........@.#
#......?...#
#..........#
#..........#
#.............
###'##########
#.# #.#
#.######


You could see Blork the orc and an ice beast.

Vanquished Creatures
  A phantom (D:2)
  A scorpion (D:4)
  2 bullfrog skeletons (D:4)
  Ijyb (D:3)
  Natasha (twice) (D:4)
  4 worker ants (D:4)
  6 adders
  An ooze (D:3)
  4 worms
  An adder skeleton (D:4)
  2 dart slugs
  2 leopard geckos
  14 orcs
  3 giant cockroaches
  6 goblins
  6 hobgoblins
  6 jackals
  3 quokkas
  A ball python zombie (D:2)
  3 bats
  7 frilled lizards
  4 kobolds
  6 rats
86 creatures vanquished.

Notes
Turn   | Place    | Note
-------+----------+-------------------------------------------
     0 | D:1      | turnburgler the Minotaur Skald began the quest for the Orb.
     0 | D:1      | Reached XP level 1. HP: 18/18 MP: 1/1
    96 | D:1      | Reached XP level 2. HP: 9/25 MP: 3/3
   102 | D:1      | Reached skill level 3 in Polearms
   467 | D:1      | You fall through a shaft!
   467 | D:2      | Found a hide-covered altar of Uskayaw.
   467 | D:2      | Noticed a phantom
   482 | D:2      | Reached XP level 3. HP: 27/30 MP: 4/4
   981 | D:2      | Found a shimmering altar of Xom.
   984 | D:2      | Found a shimmering altar of Xom.
   984 | D:2      | Found a shimmering altar of Xom.
   986 | D:2      | Found a shimmering altar of Xom.
  1057 | D:2      | Reached XP level 4. HP: 28/38 MP: 5/5
  1251 | D:2      | Found a radiant altar of Vehumet.
  1262 | D:2      | Found a deep blue altar of Sif Muna.
  1381 | D:2      | Killed a phantom
  1381 | D:2      | Reached skill level 4 in Polearms
  1381 | D:2      | Reached skill level 1 in Shields
  1381 | D:2      | Reached XP level 5. HP: 16/45 MP: 6/6
  1788 | D:3      | Noticed Ijyb
  1815 | D:3      | Killed Ijyb
  2456 | D:4      | Reached XP level 6. HP: 45/52 MP: 8/8
  2468 | D:4      | Found an ornate altar of the Wu Jian Council.
  2639 | D:4      | Reached skill level 5 in Polearms
  2760 | D:4      | Found a glowing golden altar of the Shining One.
  2887 | D:4      | Found a sparkling altar of Nemelex Xobeh.
  2887 | D:4      | Noticed Natasha
  2891 | D:4      | Killed Natasha
  2951 | D:4      | Noticed Natasha
  2957 | D:4      | Killed Natasha
  2957 | D:4      | Reached XP level 7. HP: 41/60 MP: 9/9
  3146 | D:5      | Entered Level 5 of the Dungeon
  3163 | D:5      | Noticed Blork the orc
  3175 | D:5      | HP: 3/60 [ice beast (1)]
  3175 | D:5      | Mangled by an ice beast

Vault maps used:
D:1:      dpeg_arrival_solitude
D:2:      gammafunk_temple_overflow_arena, minitemple, xom_redecorated
D:3:      wad_crossroads, uniq_ijyb
D:4:      tso_metal_star, kennysheep_little_box,
          nemelex_xobeh_ov_fountains_minmay, first_bread, uniq_natasha
D:5:      makhleb_blood_cavern_becter, kennysheep_mini_moat,
          minmay_temple_entry_steel_oval, uniq_blork_the_orc,
          uniq_prince_ribbit1

Skill      XL: |  1  2  3  4  5  6 |
---------------+-------------------+-----
Polearms       | 3 4 5 |  5.6
Armour         | 2 3 |  3.4
Fighting       | 3 4 |  4.4
Shields        | 1 |  1.4
Spellcasting   | 2 |  2.3
Dodging        | |  2.1
Charms         | |  2.7

Action                   |  1- 3 |  4- 6 |  7- 9 || total
-------------------------+-------+-------+-------++-------
Melee: Spear             |   113 |   110 |       ||   223
       Headbutt          |    12 |    21 |       ||    33
       Glaive            |       |    64 |     7 ||    71
 Cast: Infusion          |       |     2 |       ||     2
  Use: Scroll            |       |     3 |       ||     3
 Stab: Sleeping          |       |     1 |       ||     1
  Eat: Chunk             |     1 |     5 |     1 ||     7
       Meat ration       |       |     1 |       ||     1
Armor: Leather armour    |    13 |    18 |     1 ||    32
Dodge: Dodged            |    35 |    91 |     9 ||   135
Block: Buckler           |    11 |     8 |       ||    19
